 Dungeon Sprint DCSS version 0.29.1-12-g30fa7ad0bf (webtiles) character file.

Game seed: 7975405360777408915

131 Groucho the Covert (level 4, -1/23 HPs)
             Began as a Spriggan Enchanter on Dec 17, 2022.
             Slain by a neqoxec (8 damage)
             ... in the Dungeon (Sprint II: "The Violet Keep of Menkaure").
             The game lasted 00:00:59 (58 turns).

Groucho the Covert (Spriggan Enchanter)               Turns: 58, Time: 00:01:01

Health: -1/23      AC:  2    Str:  6      XL:     4   Next: 91%
Magic:  8/12       EV: 19    Int: 14 (16) God:
Gold:   0          SH:  0    Dex: 15      Spells: 13/13 levels left

rFire   . . .      SeeInvis +   a - +1 dagger
rCold   . . .      Faith    .   (no shield)
rNeg    . . .      Spirit   .   b - +0 robe
rPois   .          Reflect  .   (helmet restricted)
rElec   .          Harm     .   (no cloak)
rCorr   .          Rampage  .   (gloves unavailable)
Will    .....      NoTele   +   (boots unavailable)
Stlth   ++++......              (no amulet)
HPRegen 0.07/turn               (no ring)
MPRegen 0.13/turn               (no ring)

@: on berserk cooldown, hasted and slowed, very quick
A: very small, no large weapons, unfitting armour, see invisible, speed 3,
deterioration 1
a: no special abilities


You were in the Dungeon.
You visited 1 branch

Inventory:

Hand Weapons
 a - a +1 dagger (weapon)
Armour
 b - a +0 robe (worn)
Scrolls
 i - a scroll of blinking
Potions
 c - a potion of invisibility
 d - a potion of curing
 e - a potion of heal wounds
 g - 2 potions of magic


   Skills:
 + Level 2.4 Fighting
 + Level 3.6 Short Blades
 + Level 5.0 Dodging
 * Level 9.8 Stealth
 + Level 5.3 Spellcasting
 + Level 6.0 Hexes


You had 13 spell levels left.
You didn't know any spells.
Your spell library contained the following spells:

 Spells                   Type           Power      Damage    Failure   Level
 Confusing Touch          Hex            20%        N/A       4%          3
 Tukima's Dance           Hex            20%        N/A       4%          3
 Ensorcelled Hibernation  Hex/Ice        24%        N/A       8%          2
 Dazzling Flash           Conj/Hex       24%        N/A       14%         3


Dungeon Overview and Level Annotations

Branches:
Dungeon (1/1)

Altars:


Innate Abilities, Weirdness & Mutations

You are very small and have problems with some larger weapons.
You are too small for most types of armour.
You have supernaturally acute eyesight. (SInv)
You cover ground extremely quickly. (Speed+++)
Your body sometimes deteriorates upon taking damage.


Message History

Unknown command.
Unknown command.
Unknown command.
The neqoxec gestures at you.
Something tries to feed on your intellect!
You closely miss the neqoxec. You closely miss the neqoxec.
The neqoxec barely misses you.
You puncture the neqoxec!
The neqoxec is moderately wounded.
You are no longer berserk.
You are exhausted.
You feel yourself slow down.
Unknown command.
You hit the neqoxec but do no damage.
The neqoxec is moderately wounded.
The neqoxec completely misses you.
You hit the neqoxec.
The neqoxec is moderately wounded.
The neqoxec completely misses you. The neqoxec gestures at you.
Something tries to feed on your intellect!
You hit the neqoxec.
The neqoxec is moderately wounded.
The neqoxec gestures at you.
You feel dopey. Something feeds on your intellect!
The neqoxec completely misses you.
You hit the neqoxec but do no damage.
The neqoxec is moderately wounded.
The neqoxec barely misses you.
Unknown command.
You hit the neqoxec but do no damage.
The neqoxec is moderately wounded.
Unknown command.
You hit the neqoxec.
The neqoxec is heavily wounded.
Your extra speed is starting to run out.
The neqoxec gestures at you.
Something tries to feed on your intellect!
The neqoxec hits you!
You die...

### ## ..##.
# 33. # #l
#3# .##
#.##@##...#
#+.<.+$#
#$##.##.m.#
#l ##'# .##
# ##.$### #
#†.##†#
##.#.# ##'##
#~~~~~~~~~~≈


You could see 3 neqoxecs.

Vanquished Creatures
  A neqoxec (D)
  3 worms (D)
4 creatures vanquished.

Notes
Turn   | Place    | Note
-------+----------+-------------------------------------------
     0 | D        | Groucho the Spriggan Enchanter began the quest for the Orb.
     0 | D        | Reached XP level 1. HP: 9/9 MP: 5/5
     1 | D        | Noticed a wyvern
     1 | D        | Noticed a wyvern
     6 | D        | Noticed a neqoxec
     6 | D        | Noticed a neqoxec
     6 | D        | Noticed a neqoxec
     6 | D        | Noticed a neqoxec
     9 | D        | Noticed a merfolk siren
    17 | D        | Reached skill level 5 in Stealth
    20 | D        | Reached skill level 6 in Stealth
    23 | D        | Noticed a lava snake
    26 | D        | Reached XP level 2. HP: 13/13 MP: 5/7
    36 | D        | Gained mutation: Your body sometimes deteriorates upon
                  | taking damage. [a neqoxec]
    48 | D        | Killed a neqoxec
    49 | D        | Reached skill level 5 in Dodging
    49 | D        | Reached skill level 9 in Stealth
    49 | D        | Reached skill level 5 in Spellcasting
    49 | D        | Reached XP level 3. HP: 8/19 MP: 6/10
    49 | D        | Reached XP level 4. HP: 10/23 MP: 7/12
    58 | D        | Slain by a neqoxec

Illustrated notes

Levels and vault maps discovered:
D:        the_violet_keep_of_menkaure [sprint2_stairs_cluster_1,
          sprint2_shoproom, sprint2_temple, sprint2_basic_supplies,
          sprint2_obstacle_5, sprint2_obstacle_4, sprint2_obstacle_7,
          sprint2_obstacle_2, sprint2_obstacle_6, sprint2_timed_cluster_1,
          sprint2_smallroom_cluster_1, sprint2_smallroom_final_cluster_1,
          sprint2_transparent_cluster_1, sprint2_second_timed_cluster_1,
          sprint2_sniper_area_1, sprint2_heavy_combat_area_1,
          sprint2_mutation_trap_area_1, sprint2_forest_area_1,
          sprint2_light_combat_area_1, sprint2_behind_water_1,
          sprint2_near_end_vault_1]

Skill      XL: |  1  2 |
---------------+-------+-----
Stealth        | 6 9 |  9.8
Spellcasting   | 3 5 |  5.3
Hexes          | 4 6 |  6.0
Fighting       | 2 |  2.4
Short Blades   | 3 |  3.6
Dodging        | 5 |  5.0

Action                   |  1- 3 |  4- 6 || total
-------------------------+-------+-------++-------
Melee: Dagger            |    18 |     9 ||    27
  Use: Potion            |     3 |       ||     3
 Stab: Sleeping          |     2 |       ||     2
       Invisible         |     2 |       ||     2
Dodge: Dodged            |     4 |     5 ||     9
